 Dungeon Crawl Stone Soup version 0.28-a0-1493-g08698888e4 (webtiles) character file.

Game seed: 16689043339772922234

10341 ytrimaz the Basher (level 11, -1/85 HPs)
             Began as a Demonspawn Fighter on Jan 12, 2022.
             Was an Elder of Ru.
             Killed from afar by a molten gargoyle (21 damage)
             ... with a bolt of magma
             ... on level 9 of the Dungeon.
             The game lasted 00:13:52 (10159 turns).

ytrimaz the Basher (Demonspawn Fighter)            Turns: 10159, Time: 00:13:53

Health: -1/85      AC: 13    Str: 20    XL:     11   Next: 34%
Magic:  0/11       EV: 10    Int: 14    God:    Ru [****..]
Gold:   239        SH:  0    Dex: 12    Spells: 10/10 levels left

rFire   . . .      SeeInvis +   a - +1 flail (chaos)
rCold   . . .      Faith    .   (shield unavailable)
rNeg    . . .      Spirit   +   y - +3 ring mail of Saisser {+Blink Regen+ SInv}
rPois   +          Reflect  .   (helmet restricted)
rElec   .          Harm     .   (no cloak)
rCorr   .          Rampage  .   i - +0 pair of gloves "Zeunuips" {Int+5 Slay+2}
Will    .....                   g - +0 pair of boots
Stlth   +.........              j - amulet of guardian spirit
HPRegen 1.04/turn               (ring unavailable)
MPRegen 0.12/turn               w - ring of poison resistance

@: exhausted, studying Armour
A: antennae 2, powered by death 3, missing a hand, unskilled 1, weakness stinger
1, hooves 1, clumsy 1, passive freeze, MP-powered wands
a: Renounce Religion, Evoke Blink, Draw Out Power, Power Leap


You were on level 9 of the Dungeon.
You worshipped Ru.
Ru was greatly pleased with you.
You visited 2 branches of the dungeon, and saw 10 of its levels.

You collected 521 gold pieces.
You spent 282 gold pieces at shops.

Inventory:

Hand Weapons
 a - a +1 flail of chaos (weapon)
 l - the +9 hand axe of Cedal {vorpal, rPois rC- rCorr Stlth+}
   (You found it on level 4 of the Dungeon)

   It inflicts extra damage upon your enemies.
   rC:        It makes you vulnerable to cold.
   rPois:     It protects you from poison.
   rCorr:     It protects you from acid and corrosion.
   Stlth:     It makes you more stealthy.
 u - a +0 eveningstar
Missiles
 q - a throwing net (quivered)
Armour
 g - a +0 pair of boots (worn)
 i - the +0 pair of gloves "Zeunuips" (worn) {Int+5 Slay+2}
   (You found it on level 3 of the Dungeon)

   Int:       It affects your intelligence (+5).
   Slay:      It affects your accuracy & damage with ranged weapons and melee
   (+2).
 y - the +3 ring mail of Saisser (worn) {+Blink Regen+ SInv}
   (You bought it in a shop on level 7 of the Dungeon)

   SInv:      It lets you see invisible.
   +Blink:    It lets you blink.
   Regen:     It increases your rate of health regeneration.
Jewellery
 j - an amulet of guardian spirit (around neck)
 v - an amulet of the acrobat
 w - a ring of poison resistance (right hand)
Wands
 n - a wand of iceblast (29)
 r - a wand of acid (8)
Scrolls
 c - a scroll of fog
 k - a scroll of fear
 m - 3 scrolls of teleportation
 o - a scroll of silence
 t - a scroll of magic mapping
 z - a scroll of acquirement
 A - a scroll of blinking
Potions
 b - a potion of resistance
 d - 2 potions of lignification
 e - 2 potions of curing
 f - a potion of cancellation
 h - a potion of mutation
 p - a potion of ambrosia
 s - 3 potions of heal wounds {unknown}
 x - a potion of haste
 B - a potion of flight {unknown}


   Skills:
 + Level 7.7 Fighting
 + Level 10.3 Maces & Flails
 + Level 10.3 Armour
 * Level 5.3 Evocations


You had 10 spell levels left.
You didn't know any spells.
Your spell library contained the following spells:

 Spells                   Type           Power      Damage    Failure   Level
 Freeze                   Ice            0%         1d3       41%         1
 Magic Dart               Conj           0%         1d3       41%         1
 Call Imp                 Summ           0%         N/A       54%         2
 Static Discharge         Conj/Air       0%         N/A       54%         2
 Frozen Ramparts          Ice            0%         1d2       78%         3
 Mephitic Cloud           Conj/Pois/Air  0%         N/A       78%         3
 Dispel Undead            Necr           0%         3d6       99%         4
 Hailstorm                Conj/Ice       0%         3d3       99%         4
 Passage of Golubria      Tloc           0%         N/A       99%         4
 Sticky Flame             Conj/Fire      0%         2d3       99%         4
 Silence                  Hex/Air        0%         N/A       100%        5
 Lehudib's Crystal Spear  Conj/Erth      0%         10d2      100%        8


Dungeon Overview and Level Annotations

Branches:
Dungeon (9/15)             Temple (1/1) D:5            Lair (0/6) D:8
    Orc: D:9-12

Altars:
Ashenzari
Cheibriados
Dithmenos
Elyvilon
Fedhas
Gozag
Hepliaklqana
Kikubaaqudgha
Makhleb
Nemelex Xobeh
Okawaru
Qazlal
Ru
Sif Muna
Trog
Vehumet
Wu Jian
Xom
Yredelemnul
Zin

Shops:
D:1 :   D:3 *   D:7 *

Portals:
Abyss: D:3

Annotations:
D:3 2 transporters, rogsnak's ghost, amateur DrAE
D:6 1 transporter, flotson's ghost, amateur DsGl
D:8 3 runed translucent doors, riojii's ghost, novice DrTm


Innate Abilities, Weirdness & Mutations

You have a pair of antennae on your head.
You regenerate a lot of health from kills.
You are missing a hand.
You are somewhat unskilled. (-1 Apt)
You have a small tail.
You have large cloven feet.
You are clumsy. (Dex -2)
A frigid envelope surrounds you and freezes all who hurt you.
You expend magic power (3 MP) to strengthen your wands.


Message History

Aim: a molten gargoyle, wielding a +0 mace You can't leap on top of the monster!
Aiming: Power Leap
Press: ? - help, Dir - move target, p - molten gargoyle Unknown command.
You barely miss the molten gargoyle.
You tail-slap the molten gargoyle, but do no damage.
The molten gargoyle is heavily damaged.
The molten gargoyle blasts magma at you!
The bolt of magma hits you!
You hit the molten gargoyle.
The molten gargoyle is severely damaged.
The molten gargoyle hits you with a +0 mace!
You are engulfed in flames!
The molten gargoyle is very cold.
The molten gargoyle is severely damaged.
You redirect the molten gargoyle's attack!
You hit the molten gargoyle but do no damage.
The molten gargoyle is severely damaged.
The molten gargoyle closely misses you.
You barely miss the molten gargoyle.
Your tail-slap misses the molten gargoyle.
The molten gargoyle is severely damaged.
The molten gargoyle blasts magma at you!
The bolt of magma hits you!!
You hit the molten gargoyle but do no damage.
The molten gargoyle is severely damaged.
The molten gargoyle hits you with a +0 mace!
You are engulfed in flames!
* * * LOW HITPOINT WARNING * * *
The molten gargoyle is very cold.
The molten gargoyle is severely damaged.
You closely miss the molten gargoyle.
The molten gargoyle is severely damaged.
You redirect the molten gargoyle's attack!
The molten gargoyle misses you.
You hit the molten gargoyle.
The molten gargoyle is severely damaged.
The molten gargoyle blasts magma at you!
The bolt of magma hits you!!
You die...

#####+##..............
.........#..............
.........#######.#######
...............#.#......
.............>.+.#......
............)#.#......
............##.#......
#.#.#......#..#......
§#.#@#.....#..#......
.≈...99#......'..#.).... ......
§≈≈≈≈§..##....#..#'#####
#....#.§≈≈≈≈≈≈.#.######.........
#.....#.≈§88≈≈≈.#...........####
#....#.§≈≈88≈≈.#............####
#.....#§≈≈≈≈≈≈≈.#.........####..
#....#..§≈≈≈≈≈.#..........####..
#.....#.....≈...#######.####..##


You could see 2 molten gargoyles.

Vanquished Creatures
  Erolcha (D:9)
  A two-headed ogre (D:8)
  A tengu warrior (D:9)
  A deep elf pyromancer (D:9)
  A cyclops (D:9)
  An ugly thing (D:9)
  2 molten gargoyles (D:9)
  A water nymph (shapeshifter) (D:9)
  A hornet (D:9)
  5 wyverns
  5 yaks
  A basilisk (D:8)
  3 steam dragons
  5 water moccasins
  5 orc warriors
  An ice beast (D:5)
  A black bear (D:4)
  A sky beast (D:7)
  2 ogres (D:7)
  2 centaurs
  A phantom (D:5)
  2 kobold brigands
  4 bullfrogs
  5 scorpions
  A water moccasin zombie (D:5)
  10 killer bees
  A howler monkey (D:9)
  17 wights
  An electric eel (D:7)
  4 centaur zombies
  2 hounds (D:4)
  A jelly (D:8)
  A bullfrog skeleton (D:6)
  3 orc priests
  A centaur skeleton (D:5)
  3 iguanas
  7 orc wizards
  A killer bee simulacrum (D:9)
  3 howler monkey zombies
  Robin (D:2)
  3 gnolls (D:4)
  6 adders
  A howler monkey skeleton (D:6)
  A shadow imp (D:5)
  A white imp (D:7)
  An ufetubus (D:6)
  An adder skeleton (D:5)
  2 worms
  A dart slug (D:2)
  19 orcs
  6 ball pythons
  5 bats
  2 endoplasms
  8 giant cockroaches
  14 goblins
  10 hobgoblins
  8 kobolds
  7 quokkas
  A frilled lizard (D:2)
  16 rats
223 creatures vanquished.

Vanquished Creatures (others)
  A wight (D:7)
  A centaur skeleton (D:7)
  A fungus (D:8)
  6 plants (D:8)
9 creatures vanquished.

Grand Total: 232 creatures vanquished

Notes
Turn   | Place    | Note
-------+----------+-------------------------------------------
     0 | D:1      | ytrimaz the Demonspawn Fighter began the quest for the Orb.
     0 | D:1      | Reached XP level 1. HP: 18/18 MP: 1/1
   439 | D:1      | Gained mutation: You regenerate a little health from kills.
                  | [demonic ancestry]
   439 | D:1      | Reached XP level 2. HP: 24/24 MP: 2/2
   488 | D:1      | Found Zewotson's Book Emporium.
   760 | D:1      | Found a faded altar of an unknown god.
   978 | D:1      | Gained mutation: You expend magic power (3 MP) to
                  | strengthen your wands. [potion of mutation]
   978 | D:1      | Gained mutation: You are clumsy. (Dex -2) [potion of
                  | mutation]
   978 | D:1      | Gained mutation: You have hidden genetic potential. [potion
                  | of mutation]
  1019 | D:2      | Reached XP level 3. HP: 19/29 MP: 3/3
  1457 | D:2      | Noticed Robin
  1480 | D:2      | Killed Robin
  1481 | D:2      | Gained mutation: You regenerate health from kills. [demonic
                  | ancestry]
  1481 | D:2      | Reached XP level 4. HP: 35/35 MP: 4/4
  1528 | D:2      | Gained mutation: You have large cloven feet. [hidden
                  | potential]
  1802 | D:2      | Found a shimmering altar of Xom.
  2198 | D:3      | Found a transporter.
  2204 | D:3      | Noticed a kobold brigand
  2207 | D:3      | Found a transporter.
  2209 | D:3      | Noticed a small abomination
  2217 | D:3      | Noticed an ancient zyme
  2237 | D:3      | Noticed rogsnak's ghost (amateur DrAE)
  2298 | D:3      | Found Guabeic's Assorted Antiques.
  2303 | D:3      | Bought a scroll labelled REUSAF TASUDEF for 33 gold pieces
  2303 | D:3      | Bought a scroll labelled REUSAF TASUDEF for 33 gold pieces
  2365 | D:3      | Identified the +0 pair of gloves "Zeunuips" {Int+5 Slay+2}
  2453 | D:3      | Found a one-way gate to the infinite horrors of the Abyss.
  2647 | D:4      | Noticed a black bear
  2661 | D:4      | Killed a black bear
  2662 | D:4      | Gained mutation: You regenerate a lot of health from kills.
                  | [demonic ancestry]
  2662 | D:4      | Reached XP level 5. HP: 12/42 MP: 0/5
  2679 | D:4      | Gained mutation: A frigid envelope surrounds you and
                  | freezes all who hurt you. [hidden potential]
  2679 | D:4      | Lost mutation: You have hidden genetic potential. [hidden
                  | potential expressed]
  2868 | D:4      | Found a basalt altar of Yredelemnul.
  2872 | D:4      | Reached XP level 6. HP: 48/48 MP: 6/6
  3528 | D:4      | Found a shadowy altar of Dithmenos.
  3529 | D:4      | Found a snail-covered altar of Cheibriados.
  3592 | D:4      | Identified a scroll of acquirement
  3592 | D:4      | Acquired a manual of Armour
  3663 | D:4      | Noticed a moth of wrath
  3665 | D:4      | Found a bloodstained altar of Trog.
  3684 | D:4      | Identified the +9 hand axe of Cedal {vorpal, rPois rC-
                  | rCorr Stlth+}
  3971 | D:5      | Entered Level 5 of the Dungeon
  4215 | D:5      | Found a staircase to the Ecumenical Temple.
  4223 | D:5      | Discovered your monstrous ancestry.
  4223 | D:5      | Gained mutation: You have a small tail. [demonic ancestry]
  4223 | D:5      | Reached XP level 7. HP: 55/55 MP: 7/7
  4230 | Temple   | Entered the Ecumenical Temple
  4292 | Temple   | Became a worshipper of Ru the Awakened
  4547 | D:5      | Reached skill level 5 in Maces & Flails
  4549 | D:5      | Reached skill level 5 in Armour
  5347 | D:6      | Found a broken altar of Ashenzari.
  5515 | D:6      | Gained mutation: You have a pair of small antennae on your
                  | head. [demonic ancestry]
  5515 | D:6      | Reached XP level 8. HP: 58/61 MP: 8/8
  5743 | D:6      | Found a transporter.
  5751 | D:6      | Found a transporter.
  5753 | D:6      | Noticed flotson's ghost (amateur DsGl)
  5898 | D:6      | Reached skill level 5 in Fighting
  5991 | D:6      | Gained mutation: You are missing a hand. [Ru sacrifice]
  5991 | D:6      | Reached * piety under Ru
  5991 | D:6      | Reached ** piety under Ru
  5991 | D:6      | Reached *** piety under Ru
  6492 | D:7      | Found Kouq's Assorted Antiques.
  6992 | D:7      | Gained mutation: You have a pair of antennae on your head.
                  | [demonic ancestry]
  6992 | D:7      | Reached XP level 9. HP: 33/69 MP: 3/9
  7521 | D:7      | Bought a bronze ring mail for 216 gold pieces
  7521 | D:7      | Identified the +3 ring mail of Saisser {+Blink Regen+ SInv}
                  | (You bought it in a shop on level 7 of the Dungeon)
  8116 | D:8      | Reached skill level 1 in Evocations
  8340 | D:8      | Found a shimmering altar of Xom.
  8395 | D:8      | Noticed a two-headed ogre
  8403 | D:8      | Found a staircase to the Lair.
  8485 | D:8      | Reached XP level 10. HP: 71/77 MP: 8/10
  8540 | D:8      | Killed a two-headed ogre
  8541 | D:8      | Reached skill level 10 in Armour
  8685 | D:8      | Found a shimmering blue altar of Sif Muna.
  8825 | D:8      | Found a runed translucent gate.
  8825 | D:8      | Found a runed translucent gate.
  8825 | D:8      | Found a runed translucent gate.
  8827 | D:8      | Found an opulent altar of Gozag.
  8829 | D:8      | Noticed riojii's ghost (novice DrTm)
  9146 | D:9      | Reached skill level 10 in Maces & Flails
  9166 | D:9      | Noticed a molten gargoyle
  9182 | D:9      | Killed a molten gargoyle
  9372 | D:9      | Noticed a molten gargoyle
  9382 | D:9      | Noticed a molten gargoyle
  9562 | D:9      | Noticed a tengu warrior
  9563 | D:9      | Noticed a deep elf pyromancer
  9563 | D:9      | Noticed a cyclops
  9576 | D:9      | Killed a tengu warrior
  9577 | D:9      | Reached skill level 5 in Evocations
  9584 | D:9      | Noticed a cyan ugly thing
  9585 | D:9      | Killed a cyclops
  9588 | D:9      | Noticed a glowing shapeshifter
  9588 | D:9      | a howler monkey changed into a glowing shapeshifter
  9588 | D:9      | Noticed a water nymph
  9588 | D:9      | a glowing shapeshifter changed into a water nymph
  9589 | D:9      | Killed a water nymph
  9590 | D:9      | Reached XP level 11. HP: 43/86 MP: 3/11
  9594 | D:9      | Killed a deep elf pyromancer
  9596 | D:9      | Killed a cyan ugly thing
  9745 | D:9      | Noticed Erolcha
  9753 | D:9      | Killed Erolcha
 10030 | D:9      | Gained mutation: You are somewhat unskilled. (-1 Apt) [Ru
                  | sacrifice]
 10030 | D:9      | Reduced skill Maces & Flails to level 10
 10030 | D:9      | Reduced skill Armour to level 10
 10030 | D:9      | Reached **** piety under Ru
 10159 | D:9      | Killed from afar by a molten gargoyle

Illustrated notes

Levels and vault maps discovered:
D:1:      dpeg_arrival_boxorama, layout_basic,
          dilly_ecumenical_altar_fadedgnrine, serial_shops,
          nicolae_shop_statue_plus, minmay_pentomino_o2
D:2:      layout_loops_cross, basic_altar, uniq_robin, uniq_crazy_yiuf_cottage
D:3:      layout_rooms, serial_shops, shop, gammafunk_ghost_abyssal_escape
D:4:      layout_layer_cave, mainiacjoe_overflow_brackets, tgw_trog,
          jmf_multi_god_temple, grunt_ministairs_3
D:5:      layout_basic, minmay_temple_entry_glass, gup_sewer_entry_bowl
D:6:      layout_cave_pods, mainiacjoe_overflow_24_doors, gammafunk_ghost_arena
D:7:      statuecave_lemuel, layout_layer_cave, serial_shops, nicolae_shop_trees
D:8:      layout_gridville, mainiacjoe_overflow_tiny_flanked, lemuel_tele_altar,
          minmay_lair_entry_grove, ebering_ghost_gozag, roderic_filled_cross
D:9:      minmay_bloctagon, layout_irregular_city, jmf_multi_god_temple2,
          minmay_misc_feat_more_columns, minivault_27, minmay_misc_feat_plants,
          minivault_8, uniq_erolcha
Temple:   cyrus_circular_temple

Skill      XL: |  1  2  3  4  5  6  7  8  9 10 11 |
---------------+----------------------------------+-----
Maces & Flails | 2 3 4 6 7 9 10 10 | 10.3
Armour         | 3 4 6 8 9 10 10 | 10.3
Shields        | 3 0 |  0.0
Fighting       | 4 5 6 8 7 |  7.7
Evocations     | 3 5 |  5.3

Action                   |  1- 3 |  4- 6 |  7- 9 | 10-12 || total
-------------------------+-------+-------+-------+-------++-------
Melee: Flail             |   108 |   107 |   198 |   159 ||   572
       Kick              |       |     9 |       |       ||     9
       Tailslap          |       |       |    27 |    38 ||    65
Invok: Sacrifice a Hand  |       |       |     1 |       ||     1
       Power Leap        |       |       |       |     1 ||     1
       Sacrifice Skill   |       |       |       |     1 ||     1
 Abil: Evoke Blink       |       |       |     1 |       ||     1
  Use: Scroll            |     4 |     8 |     8 |     2 ||    22
       Potion            |     3 |       |     1 |     1 ||     5
 Stab: Confused          |       |       |     3 |       ||     3
       Paralysed         |       |       |       |     3 ||     3
       Invisible         |       |       |       |     2 ||     2
Armor: Scale mail        |    57 |    69 |    55 |       ||   181
       Ring mail         |       |       |    36 |    61 ||    97
Dodge: Dodged            |    54 |    59 |   106 |    71 ||   290
Block: Buckler           |    27 |    26 |    19 |       ||    72

Table legend: (Time is in decaauts)
 A = Elapsed time spent in this place.
 B = Non-inter-level travel time spent in this place.
 C = Inter-level travel time spent in this place.
 D = Time resting spent in this place.
 E = Time spent auto-exploring this place.
 F = Levels seen in this place.
 G = Mean time per level.
                   A        B        C        D        E       F      G
               +--------+--------+--------+--------+--------+-----+--------+
         Total |  10218 |   9968 |    250 |    371 |   7895 |  10 | 1021.8 |
       Dungeon |  10138 |   9913 |    225 |    371 |   7853 |   9 | 1126.4 |
        Temple |     80 |     55 |     25 |      0 |     42 |   1 |   80.0 |
               +--------+--------+--------+--------+--------+-----+--------+

Top non-repeatable levels by time:
     D:7: 1492 daAuts
     D:6: 1368 daAuts
     D:4: 1333 daAuts
     D:2: 1228 daAuts
     D:5: 1166 daAuts
     D:9: 1060 daAuts
     D:8: 1016 daAuts
     D:1: 1008 daAuts
     D:3: 462 daAuts
  Temple: 80 daAuts
